 Dungeon Crawl Stone Soup version 0.28.0-53-g5a82cb258f (webtiles) character file.

Game seed: 9319794052754851276

34856 Pooter the Severer (level 13, -2/183 HPs)
             Began as a Minotaur Berserker on June 28, 2022.
             Was an Elder of Trog.
             Slain by a seven-headed hydra (13 damage)
             ... on level 14 of the Dungeon on June 29, 2022.
             The game lasted 01:36:43 (18051 turns).

Pooter the Severer (Minotaur Berserker)            Turns: 18051, Time: 01:36:44

Health: -2/183     AC: 15    Str: 31    XL:     13   Next: 44%
Magic:  12/12      EV:  8    Int:  9    God:    Trog [****..]
Gold:   1109       SH:  0    Dex: 12    Spells: 12/12 levels left

rFire   + . .      SeeInvis .   a - +7 battleaxe
rCold   . . .      Faith    .   (shield currently unavailable)
rNeg    + . .      Spirit   .   A - +3 plate armour {rF+}
rPois   .          Reflect  .   (helmet restricted)
rElec   .          Harm     .   (no cloak)
rCorr   .          Rampage  .   n - +0 pair of gloves
Will    +....                   (no boots)
Stlth   ..........              G - amulet of regeneration
HPRegen 1.20/turn               y - +6 ring of strength
MPRegen 0.13/turn               M - ring of the Unkillable {rN+ Will+ Int+3 Dex+2}

@: berserking, hasted, very quick
A: horns 2, retaliatory headbutt
a: Renounce Religion, Berserk, Trog's Hand, Brothers in Arms


You were on level 14 of the Dungeon.
You worshipped Trog.
Trog was greatly pleased with you.
You visited 2 branches of the dungeon, and saw 16 of its levels.

You collected 1540 gold pieces.
You spent 431 gold pieces at shops.

Inventory:

Hand Weapons
 a - a +7 battleaxe (weapon)
   (You took it off a wight on level 8 of the Dungeon)
 b - a +1 arbalest
   (You took it off an orc warlord on level 2 of the Orcish Mines)
 o - a +0 hunting sling
   (You took it off a goblin on level 2 of the Dungeon)
 p - a +2 flail of draining
   (You took it off an orc priest on level 10 of the Dungeon)
 E - a +1 war axe
   (You found it on level 6 of the Dungeon)
 H - a +4 trident
   (You took it off an orc on level 9 of the Dungeon)
 I - the +9 falchion "Reuteva" {flame, Int+2 Stlth+}
   (You found it on level 9 of the Dungeon)

   It burns those it strikes, dealing additional fire damage.
   Big, fiery blades are also staple armaments of hydra-hunters.
   Int:       It affects your intelligence (+2).
   Stlth:     It makes you more stealthy.
 L - the +4 falchion "Dearesost" {vorpal, SInv}
   (You found it on level 13 of the Dungeon)

   It inflicts extra damage upon your enemies.
   SInv:      It lets you see invisible.
Missiles
 q - 31 poisoned darts
 r - 324 stones
 v - a curare-tipped dart
 w - 34 sling bullets
 C - 11 boomerangs (quivered)
 Q - 83 bolts
Armour
 n - a +0 pair of gloves (worn)
   (You found it on level 6 of the Dungeon)
 A - a +3 plate armour of fire resistance (worn)
   (You took it off an orc warlord on level 2 of the Orcish Mines)
Jewellery
 k - a ring of fire
   (You found it on level 1 of the Dungeon)
 y - a +6 ring of strength (left hand)
   (You found it on level 7 of the Dungeon)
 z - an amulet of the acrobat
   (You found it on level 6 of the Dungeon)
 G - an amulet of regeneration (around neck)
   (You found it on level 9 of the Dungeon)
 J - an amulet of faith {!P}
   (You found it on level 4 of the Dungeon)
 M - the ring of the Unkillable (right hand) {rN+ Will+ Int+3 Dex+2}
   (You found it on level 13 of the Dungeon)

   [ring of positive energy]

   Int:       It affects your intelligence (+3).
   Dex:       It affects your dexterity (+2).
   rN:        It protects you from negative energy.
   Will:      It increases your willpower.
Wands
 d - a wand of iceblast (7)
   (You found it on level 7 of the Dungeon)
 u - a wand of paralysis (4)
   (You found it on level 12 of the Dungeon)
 x - a wand of acid (2)
   (You found it on level 10 of the Dungeon)
 D - a wand of digging (10)
   (You found it on level 8 of the Dungeon)
Scrolls
 c - 2 scrolls of summoning
 i - a scroll of fog
 l - 2 scrolls of silence
 s - 2 scrolls of noise {!r}
 t - 5 scrolls of teleportation {@r4}
Potions
 e - 5 potions of curing {@q1}
 f - 4 potions of lignification {!q}
 g - 2 potions of mutation {unknown}
 h - a potion of haste {@q3}
 j - a potion of degeneration {unknown}
 m - a potion of resistance {unknown}
 B - 3 potions of heal wounds {@q2}
 F - a potion of might
Miscellaneous
 K - a phial of floods
   (You found it on level 1 of the Orcish Mines)


   Skills:
 + Level 13.5 Fighting
 * Level 18.4 Axes
 - Level 7.5 Slings
 * Level 5.9 Crossbows
 - Level 2.4 Armour
 - Level 2.1 Dodging
 - Level 9.6 Evocations


You had 12 spell levels left.
You didn't know any spells.
Your spell library was empty.

Dungeon Overview and Level Annotations

Branches:
Dungeon (14/15)            Temple (0/1) D:6            Lair (0/6) D:8
    Orc (2/2) D:10            Elf (0/3) Orc:2
 Vaults: D:13-14

Altars:
Ashenzari
Cheibriados
Dithmenos
Gozag
Okawaru
Qazlal
Trog
Uskayaw
The Shining One
Beogh

Shops:
D:3 ?   D:11 :   Orc:2 !([*

Portals:
Trove: D:12 (give +7 demon whip)


Innate Abilities, Weirdness & Mutations

You have a pair of horns on your head.
You reflexively headbutt those who attack you in melee.


Message History

Your ogre is engulfed in calcifying dust.
Your ogre is moving more slowly.
The slime creature hits you!
* * * LOW HITPOINT WARNING * * *
You feel much better. The vampire mosquito barely misses you.
The catoblepas closely misses you.
The vampire mosquito bites you but does no damage.
Your ogre misses the vampire mosquito.
The slime creature hits you but does no damage.
You cut the slime creature into ribbons!!!
You headbutt the slime creature. You slice the vampire mosquito!!
You destroy the vampire mosquito!
Trog accepts your kill.
You slash the catoblepas!
You hear a shout!
The catoblepas barely misses you.
A cyclops comes into view.
You slice the slime creature!!
You kill the slime creature!
Trog accepts your kill.
You hit the catoblepas but do no damage.
The catoblepas barely misses you. You furiously retaliate!
You headbutt the catoblepas!
Your ogre hits the catoblepas with a +0 giant club!!
You hit the catoblepas but do no damage.
You headbutt the catoblepas!
Your surroundings suddenly seem different.
A seven-headed hydra comes into view.
Found a scroll of enchant armour.
Found a stone staircase leading down.
You feel yourself speed up.
There is a stone staircase leading down here.
The seven-headed hydra completely misses you.
The seven-headed hydra bites you.
* * * LOW HITPOINT WARNING * * *
The seven-headed hydra bites you but does no damage.
The seven-headed hydra barely misses you.
The seven-headed hydra bites you!
* * * LOW HITPOINT WARNING * * *
The seven-headed hydra bites you!
* * * LOW HITPOINT WARNING * * *
The seven-headed hydra bites you but does no damage.
You climb downwards.
There is a stone staircase leading up here.
A red film seems to cover your vision as you go berserk!
You feel yourself moving faster!
You feel mighty!
The seven-headed hydra bites you but does no damage.
The seven-headed hydra barely misses you.
The seven-headed hydra bites you but does no damage.
The seven-headed hydra bites you!
You die...

########+###
#..........#
+.....D....#
#....@.....#
#..........#
#..........#
############


You could see a seven-headed hydra.

Vanquished Creatures
  An orc warlord (Orc:2)
  A vault guard (D:13)
  The ghost of SpoonFarmer the Blocker, a journeyman DrCj of Vehumet (Orc:1)
  2 boulder beetles
  A hydra (D:9)
  2 centaur warriors
  A death knight (D:11)
  3 two-headed ogres
  A tengu warrior (D:12)
  The ghost of math4jedi the Poker, a novice HOFi of Qazlal (D:8)
  5 orc knights
  An ugly thing (D:12)
  A deep elf pyromancer (D:12)
  6 orc sorcerers
  A manticore (D:12)
  3 cyclopes (D:11)
  A gargoyle (D:11)
  4 kobold demonologists (D:11)
  6 trolls
  A hornet (D:9)
  A slime creature (D:13)
  3 shadows
  A vampire (D:11)
  A wraith (D:12)
  21 yaks
  A basilisk (D:8)
  10 vampire mosquitoes
  2 steam dragons
  4 wargs
  2 ice beasts
  2 sky beasts
  2 black bears
  6 necrophages
  43 orc warriors
  11 ogres
  A centaur (D:8)
  6 kobold brigands
  A wyvern zombie (D:6)
  3 bullfrogs
  3 gnoll sergeants
  2 scorpions
  2 wyvern skeletons
  6 killer bees (D:10)
  10 wights
  2 howler monkeys
  4 centaur zombies
  A bullfrog zombie (D:7)
  2 jellies
  19 orc priests
  6 hounds
  A centaur skeleton (D:4)
  A gnoll shaman (Orc:2)
  3 iguanas
  25 orc wizards
  3 killer bee zombies
  A human simulacrum (D:9)
  2 hound skeletons
  A howler monkey zombie (D:7)
  20 gnolls
  6 adders
  A shadow imp (D:6)
  An ufetubus (D:6)
  A worm (D:2)
  4 dart slugs
  99 orcs
  4 bats
  5 endoplasms
  4 giant cockroaches
  7 goblins
  4 hobgoblins
  8 kobolds
  A quokka (D:3)
  4 ball pythons
  5 frilled lizards
  A quokka skeleton (D:4)
  3 rats
436 creatures vanquished.

Vanquished Creatures (others)
  A human simulacrum (D:9)
  An orc (Orc:2)
  2 withered plants (D:7)
4 creatures vanquished.

Grand Total: 440 creatures vanquished

Notes
Turn   | Place    | Note
-------+----------+-------------------------------------------
     0 | D:1      | Pooter the Minotaur Berserker began the quest for the Orb.
     0 | D:1      | Reached XP level 1. HP: 19/19 MP: 0/0
   266 | D:1      | Reached skill level 4 in Axes
   276 | D:1      | Reached XP level 2. HP: 23/27 MP: 1/1
   404 | D:1      | Found a faded altar of an unknown god.
  1109 | D:2      | Reached XP level 3. HP: 30/33 MP: 2/2
  1222 | D:2      | Noticed a scorpion
  1228 | D:2      | Killed a scorpion
  1229 | D:2      | Reached skill level 5 in Axes
  1229 | D:2      | Reached XP level 4. HP: 18/41 MP: 3/3
  2877 | D:3      | Found Reralab's Magic Scroll Shop.
  2890 | D:3      | Bought a scroll of fog for 22 gold pieces
  2890 | D:3      | Bought a scroll of noise for 11 gold pieces
  2890 | D:3      | Bought a scroll of teleportation for 33 gold pieces
  2890 | D:3      | Bought a scroll of magic mapping for 38 gold pieces
  3019 | D:3      | Reached skill level 6 in Axes
  3019 | D:3      | Reached XP level 5. HP: 45/47 MP: 4/4
  3439 | D:4      | Reached skill level 5 in Fighting
  3534 | D:4      | Noticed an ogre
  3536 | D:4      | Killed an ogre
  3537 | D:4      | Reached skill level 1 in Evocations
  3559 | D:4      | Reached XP level 6. HP: 56/56 MP: 5/5
  3589 | D:4      | Reached ** piety under Trog
  3590 | D:4      | Reached skill level 7 in Axes
  4124 | D:4      | Reached XP level 7. HP: 63/63 MP: 6/6
  4365 | D:4      | Found a shadowy altar of Dithmenos.
  4520 | D:4      | Found a stormy altar of Qazlal.
  4879 | D:5      | Entered Level 5 of the Dungeon
  4990 | D:5      | Reached skill level 8 in Axes
  5059 | D:5      | Found an iron altar of Okawaru.
  5622 | D:5      | Found a snail-covered altar of Cheibriados.
  5768 | D:5      | Reached skill level 9 in Axes
  5768 | D:5      | Reached XP level 8. HP: 59/71 MP: 7/7
  6483 | D:6      | Reached skill level 10 in Axes
  7081 | D:6      | Found a staircase to the Ecumenical Temple.
  7411 | D:7      | Reached XP level 9. HP: 81/81 MP: 8/8
  7416 | D:7      | Reached skill level 11 in Axes
  7749 | D:7      | Reached skill level 5 in Evocations
  7800 | D:7      | Found an opulent altar of Gozag.
  7800 | D:7      | Found a bloodstained altar of Trog.
  7801 | D:7      | Found a glowing golden altar of the Shining One.
  8366 | D:7      | Found a hide-covered altar of Uskayaw.
  8584 | D:8      | Found a broken altar of Ashenzari.
  8729 | D:8      | Reached skill level 12 in Axes
  9175 | D:8      | Found a staircase to the Lair.
  9202 | D:8      | Reached *** piety under Trog
  9521 | D:8      | Found a runed translucent door.
  9526 | D:8      | Noticed math4jedi's ghost (novice HOFi)
  9543 | D:8      | Killed math4jedi's ghost
  9544 | D:8      | Reached skill level 13 in Axes
  9544 | D:8      | Reached XP level 10. HP: 92/92 MP: 9/9
  9802 | D:9      | Identified the +9 falchion "Reuteva" {flame, Int+2 Stlth+}
  9951 | D:9      | Reached skill level 10 in Fighting
 10012 | D:9      | Noticed a six-headed hydra
 10022 | D:9      | Killed a four-headed hydra
 10023 | D:9      | Reached skill level 1 in Slings
 10159 | D:9      | Reached skill level 14 in Axes
 10628 | D:9      | You fall into a shaft and drop 3 floors!
 10628 | D:12     | Noticed a manticore
 10633 | D:12     | Killed a manticore
 10950 | D:11     | Noticed a gargoyle
 10960 | D:11     | Killed a gargoyle
 11026 | D:11     | Noticed a two-headed ogre
 11028 | D:10     | Entered Level 10 of the Dungeon
 11070 | D:9      | Reached XP level 11. HP: 98/101 MP: 10/10
 11563 | D:10     | Noticed a two-headed ogre
 11568 | D:10     | Killed a two-headed ogre
 11941 | D:10     | Reached skill level 15 in Axes
 12042 | D:10     | Found a staircase to the Orcish Mines.
 12480 | Orc:1    | Entered Level 1 of the Orcish Mines
 12481 | Orc:1    | Noticed an orc knight
 12487 | Orc:1    | Reached skill level 5 in Slings
 12493 | Orc:1    | Killed an orc knight
 12648 | Orc:1    | Noticed an orc sorcerer
 12658 | Orc:1    | Killed an orc sorcerer
 13208 | Orc:1    | Found a runed translucent door.
 13209 | Orc:1    | Noticed SpoonFarmer's ghost (journeyman DrCj)
 13230 | Orc:1    | Noticed an orc sorcerer
 13230 | Orc:1    | Paralysed by an orc sorcerer for 6 turns
 13239 | Orc:1    | Killed an orc sorcerer
 13414 | Orc:1    | Killed SpoonFarmer's ghost
 13415 | Orc:1    | Reached skill level 16 in Axes
 13581 | Orc:2    | Entered Level 2 of the Orcish Mines
 13581 | Orc:2    | Noticed an orc knight
 13604 | Orc:1    | Killed an orc knight
 13691 | Orc:1    | Reached XP level 12. HP: 107/112 MP: 11/11
 13868 | Orc:2    | Found a staircase to the Elven Halls.
 14258 | Orc:2    | Reached **** piety under Trog
 14406 | Orc:1    | HP: 1/168 [orc knight/+2 battleaxe (18)]
 14958 | Orc:2    | Found Weotaenyts's General Store.
 14967 | Orc:2    | Bought a potion of curing for 51 gold pieces
 15692 | Orc:2    | Found Jeal Riu's Distillery.
 15702 | Orc:2    | Bought a potion of heal wounds for 60 gold pieces
 15702 | Orc:2    | Bought a potion of might for 48 gold pieces
 15702 | Orc:2    | Bought 2 potions of curing for 72 gold pieces
 15702 | Orc:2    | Bought a potion of curing for 36 gold pieces
 15702 | Orc:2    | Bought a potion of heal wounds for 60 gold pieces
 15734 | Orc:2    | Noticed an orc warlord
 15735 | Orc:2    | Reached skill level 17 in Axes
 15905 | Orc:2    | Killed an orc warlord
 16099 | Orc:2    | Found Jodghuna's Antique Armour Shoppe.
 16102 | Orc:2    | Found Kabila's Antique Weapon Emporium.
 16244 | D:11     | Killed a two-headed ogre
 16245 | D:11     | Reached skill level 1 in Crossbows
 16357 | D:11     | Noticed a two-headed ogre
 16366 | D:11     | Killed a two-headed ogre
 16532 | D:11     | Noticed a boulder beetle
 16552 | D:11     | Killed a boulder beetle
 16553 | D:11     | Reached XP level 13. HP: 97/122 MP: 12/12
 16669 | D:11     | Found Eptuhan's Book Boutique.
 17177 | D:12     | Reached ***** piety under Trog
 17291 | D:12     | Reached skill level 18 in Axes
 17452 | D:12     | Reached skill level 5 in Crossbows
 17607 | D:12     | Found a portal to a secret trove of treasure.
 17700 | D:13     | Identified the ring of the Unkillable {rN+ Will+ Int+3
                  | Dex+2}
 17723 | D:13     | Identified the +4 falchion "Dearesost" {vorpal, SInv}
 18041 | D:13     | HP: 4/122 [slime creature (15)]
 18049 | D:13     | HP: 6/122 [seven-headed hydra (8)]
 18051 | D:14     | Slain by a seven-headed hydra

Illustrated notes

Levels and vault maps discovered:
D:1:      mushboom_english_gardens, layout_basic,
          hellmonk_ecumenical_altar_inner_sanctum
D:2:      layout_basic, minmay_misc_feat_iff, grunt_ministairs_15,
          minmay_tree_intersection, minmay_parallelograms
D:3:      layout_basic, serial_shops, shop, serial_park_tiny_2
D:4:      kennysheep_six_static_rooms, layout_basic,
          mainiacjoe_overflow_six_doors_small, nicolae_qazlal_eye_of_the_storm
D:5:      layout_gridville, mainiacjoe_overflow_paths, okawaru_ov_weapons_minmay
D:6:      layout_rooms, minmay_temple_entry_statues
D:7:      layout_loops_ring, mainiacjoe_overflow_brackets,
          chequers_temple_overflow_statue_of_worship, serial_undead,
          serial_undead_e, serial_undead_e, serial_undead_c, serial_undead_a,
          serial_undead_c, serial_undead_d, nicolae_underground_beach
D:8:      layout_basic, overflow_temple_1_default, erik_lair_orcish_takeover,
          ebering_ghost_inner_flame, minmay_increasing_density
D:9:      layout_layer_cave, bh_circular_ruins
D:10:     layout_irregular_city, kennysheep_orc_monster_closet_entryway,
          hangedman_decor_slide_cut
D:11:     minmay_bloctagon_deflated, layout_irregular_city, serial_column_ruins,
          column_ruins_open_medium, column_ruins_columns_plus,
          column_ruins_open_tiny, column_ruins_open_small,
          column_ruins_open_small, column_ruins_corridor_straight, serial_shops,
          shop
D:12:     layout_rooms, nicolae_trove_entry_crystal
D:13:     layout_roguey, lightli_vaults_fourway_checkpoint, minivault_7
D:14:     layout_roguey [special_room_mythical_zoo], serial_shops, shop
Orc:1:    layout_diamond_mine, gammafunk_ghost_grave
Orc:2:    grunt_orc_community_town_hall, layout_caves,
          grunt_orc_community_big_house_2, grunt_orc_community_big_house_1,
          grunt_orc_community_house_1, grunt_orc_community_house_1,
          grunt_orc_community_house_2, grunt_orc_community_house_3,
          grunt_orc_community_house_2, grunt_orc_community_house_2

Skill      XL: |  1  2  3  4  5  6  7  8  9 10 11 12 13 |
---------------+----------------------------------------+-----
Axes           | 4 5 6 7 9 10 13 14 16 17 18 | 18.4
Fighting       | 4 5 6 8 9 10 11 13 | 13.5
Evocations     | 1 2 3 4 6 7 8 9 |  9.6
Slings         | 3 6 7 |  7.5
Crossbows      | 3 5 |  5.9
Armour         | |  2.4
Dodging        | |  2.1

Action                   |  1- 3 |  4- 6 |  7- 9 | 10-12 | 13-15 || total
-------------------------+-------+-------+-------+-------+-------++-------
Melee: Hand axe          |    34 |       |       |       |       ||    34
       Headbutt          |     6 |     7 |    40 |    49 |    24 ||   126
       Punch             |     1 |     1 |     3 |       |       ||     5
       Falchion          |     6 |    23 |       |     2 |       ||    31
       Whip              |       |    33 |     9 |       |       ||    42
       Flail             |       |       |    66 |       |       ||    66
       War axe           |       |       |    93 |       |       ||    93
       Battleaxe         |       |       |    87 |   335 |    97 ||   519
 Fire: Hunting sling     |       |    40 |    70 |   116 |       ||   226
       Arbalest          |       |       |       |    12 |    13 ||    25
Throw: Dart              |       |     2 |       |       |       ||     2
       Stone             |       |       |    19 |       |       ||    19
       Boomerang         |       |       |       |    61 |       ||    61
Invok: Berserk           |       |     2 |     8 |    17 |     1 ||    28
       Trog's Hand       |       |       |     5 |    26 |     3 ||    34
       Brothers in Arms  |       |       |       |       |     1 ||     1
Evoke: Wand              |       |     3 |     1 |    13 |       ||    17
  Use: Scroll            |       |     5 |     8 |    10 |     4 ||    27
       Potion            |       |       |       |     8 |     2 ||    10
 Stab: Distracted        |       |       |       |     1 |       ||     1
Armor: Animal skin       |     8 |    11 |     5 |       |       ||    24
       Chain mail        |       |       |    87 |   104 |       ||   191
       Ring mail         |       |       |     5 |       |       ||     5
       Skin              |       |       |       |     4 |       ||     4
       Plate armour      |       |       |       |    27 |    71 ||    98
Dodge: Dodged            |    24 |    31 |   113 |   137 |    65 ||   370
